Map: Blackburn LE

Players

Nina - Winner!

  • Race: Protoss Protoss
  • League: Grandmaster

Future

  • Race: Terran Terran

Event: DreamHack SC2 Masters 2021 Summer

VOD

Have the link to the VOD?

Description

Time

  • Played on: May 30, 2021, 2:59 p.m.
  • Length: 8:36

All games in this series

Show
View Real Time Build Order
Export as new Build Order

Nina Protoss - Winner!

Build Orders: 1 Gate Expand, Blink Stalkers 

Get SALT Encoding   

  12  0:00  Probe  
  13  0:12  Probe  
  14  0:17  Pylon  
  14  0:24  Probe (Chrono Boost)  
  15  0:36  Probe (Chrono Boost)  
  15  0:37  Gateway  
  16  0:45  Probe (Chrono Boost)  
  16  0:46  Assimilator  
  17  0:51  Probe  
  18  1:03  Probe  
  19  1:15  Probe  
  20  1:25  Cybernetics Core  
  20  1:32  Nexus  
  20  1:39  Pylon  
  20  1:42  Probe  
  21  1:52  Assimilator  
  20  1:54  Probe  
  20  1:58  Adept (Chrono Boost)  
  23  2:03  Warp Gate  
  23  2:06  Probe (Chrono Boost)  
  24  2:18  Probe (Chrono Boost)  
  24  2:21  Stalker  
  27  2:24  Probe (Chrono Boost)  
  28  2:32  Probe  
  29  2:40  Twilight Council  
  29  2:45  Probe (Chrono Boost)  
  29  2:50  Probe (Chrono Boost)  
  31  2:52  Stalker  
  31  2:55  Probe (Chrono Boost)  
  35  2:59  Probe (Chrono Boost)  
  35  3:00  Probe (Chrono Boost)  
  35  3:03  Gateway  
  36  3:09  Probe  
  36  3:11  Blink (Chrono Boost)  
  37  3:14  Probe  
  38  3:21  Probe  
  38  3:24  Stalker  
  38  3:26  Probe  
  42  3:33  Probe  
  43  3:35  Pylon  
  43  3:38  Probe  
  43  3:40  Assimilator  
  44  3:44  Robotics Facility  
  44  3:45  Probe  
  45  3:50  Probe  
  46  3:57  Pylon  
  46  3:58  Stalker  
  46  3:59  Probe  
  46  4:02  Probe  
  50  4:07  Pylon, Assimilator  
  50  4:11  Probe  
  50  4:14  Probe, Stalker  
  54  4:23  Probe  
  55  4:26  Probe  
  55  4:29  Pylon  
  56  4:32  Stalker  
  56  4:34  Observer (Chrono Boost)  
  56  4:35  Probe  
  56  4:38  Stalker  
  62  4:42  Robotics Bay  
  62  4:44  Shield Battery  
  62  4:45  Probe  
  63  5:00  Stalker  
  63  5:01  Stalker  
  67  5:13  Probe  
  64  5:14  Pylon  
  64  5:15  Immortal (Chrono Boost)  
  66  5:23  Stalker  
  66  5:24  Stalker  
  70  5:29  Probe  
  70  5:31  Pylon  
  71  5:40  Pylon  
  69  5:43  Gateway, Charge  
  69  5:47  Gateway  
  69  5:48  Stalker x2  
  73  5:51  Disruptor (Chrono Boost)  
  76  6:12  Gateway  
  76  6:15  Gateway, Stalker x2  
  80  6:21  Disruptor  
  80  6:23  Probe  
  76  6:40  Probe  
  76  6:41  Zealot x2  
  76  6:42  Zealot x2  
  84  6:49  Probe  
  84  6:52  Probe  
  84  6:57  Disruptor  
  79  7:02  Nexus, Stalker x2  
  79  7:03  Zealot x2  
  83  7:10  Sentry x2  
  83  7:12  Probe x2  
  83  7:15  Pylon  
  89  7:24  Probe x2  
  89  7:29  Zealot, Forge  
  93  7:30  Zealot  
  93  7:34  Zealot  
  93  7:36  Probe  
  98  7:48  Zealot x3  
  98  7:49  Warp Prism  
  102  8:05  Zealot x3  
  104  8:08  Probe x2  
  106  8:20  Probe  
  106  8:24  Zealot  
  106  8:25  Zealot x4  
  116  8:28  Templar Archives  
Show
View Real Time Build Order
Export as new Build Order

Future Terran 

Build Orders:  

Get SALT Encoding   

  12  0:00  SCV  
  13  0:12  SCV  
  14  0:17  Supply Depot  
  14  0:25  SCV  
  15  0:38  SCV  
  15  0:39  Barracks  
  16  0:44  Refinery  
  16  0:51  SCV  
  17  1:03  SCV  
  18  1:15  SCV  
  19  1:27  Orbital Command, Marine  
  20  1:45  Barracks Reactor  
  20  1:51  Command Center  
  20  1:53  SCV  
  21  2:00  Supply Depot  
  21  2:05  SCV  
  22  2:13  Factory  
  22  2:17  SCV  
  22  2:22  Marine x2  
  25  2:29  SCV  
  26  2:30  Refinery  
  26  2:35  Bunker  
  26  2:39  Marine  
  26  2:41  SCV, Marine  
  29  2:53  SCV  
  30  3:01  Factory Tech Lab  
  30  3:02  Starport  
  30  3:04  Orbital Command  
  30  3:08  SCV  
  30  3:10  Marine  
  32  3:13  Marine  
  33  3:20  SCV  
  33  3:22  Siege Tank  
  37  3:27  Supply Depot  
  37  3:31  SCV  
  37  3:32  SCV  
  39  3:34  Marine  
  39  3:36  Marine  
  41  3:45  SCV x2  
  43  3:50  Supply Depot  
  43  3:53  Marine  
  43  3:54  Marine, Siege Tank  
  48  3:59  SCV x2  
  48  4:02  Medivac  
  52  4:08  Supply Depot  
  52  4:11  SCV x2, Marine  
  52  4:12  Marine  
  56  4:23  SCV x2  
  58  4:31  Marine x2  
  58  4:35  SCV x2  
  58  4:36  Siege Tank  
  58  4:38  Viking  
  67  4:41  Supply Depot  
  67  4:47  SCV  
  67  4:48  SCV  
  67  4:49  Marine  
  70  4:56  Marine  
  70  4:59  SCV  
  69  5:00  SCV  
  69  5:07  Marine  
  65  5:12  SCV x2  
  65  5:14  Marine  
  63  5:16  Bunker  
  63  5:17  Bunker, Siege Tank  
  63  5:19  Starport Tech Lab  
  66  5:24  SCV x2, Marine  
  66  5:32  Marine  
  66  5:36  SCV x2  
  66  5:42  Raven  
  69  5:43  Marine  
  69  5:45  Barracks  
  69  5:46  Barracks  
  69  5:48  SCV  
  69  5:49  Marine  
  71  5:56  Bunker  
  71  5:57  Bunker  
  70  5:58  SCV  
  70  6:00  SCV  
  70  6:01  Marine  
  70  6:03  Siege Tank  
  76  6:07  Marine  
  70  6:13  SCV x2  
  66  6:19  Marine  
  66  6:25  SCV x2, Marine  
  51  6:33  Marine  
  51  6:34  Marine  
  51  6:37  SCV, Marine  
  51  6:38  SCV  
  49  6:43  Marine  
  49  6:50  SCV x2, Starport Reactor  
  50  6:55  Marine  
  45  7:02  SCV x2  
  45  7:05  Factory Tech Lab  
  40  7:13  Barracks  
  40  7:14  SCV x2, Barracks, Marauder x2  
  45  7:21  Marine x2  
  47  7:26  SCV x2  
  49  7:35  Marine x2  
  51  7:38  SCV x2, Marine  
  51  7:39  Marine  
  51  7:43  Siege Tank  
  58  7:50  SCV x2  
  57  7:52  Marine  
  57  7:53  Marine  
  57  7:54  Supply Depot  
  57  7:55  Supply Depot  
  57  7:56  Marine x2  
  60  8:03  Marine x2  
  53  8:10  Marine x2  
  54  8:14  Marine x2  
Tags
 
Add a new tag
Caveats
  • Supply blocks, unpowered buildings, or Contaminate may cause inaccurate times.
  • Supply counts are checked every 10 seconds.